 Dungeon Crawl Stone Soup version 0.17-a0-1174-ge06b3cc (webtiles) character file.

121 Fluffy the Skirmisher (level 4, -3/35 HPs)
             Began as a Demonspawn Gladiator on May 29, 2015.
             Killed from afar by an orc wizard (7 damage)
             ... with a puff of frost
             ... on level 3 of the Dungeon.
             The game lasted 00:04:00 (2240 turns).

Fluffy the Skirmisher (Demonspawn Gladiator)        Turns: 2240, Time: 00:04:00

Health: -3/35      AC:  4    Str: 17    XL:     4   Next: 77%
Magic:  0/4        EV: 12    Int:  9    God:
Gold:   70         SH:  0    Dex: 13    Spells: 0 memorised, 3 levels left

rFire  . . .     SeeInvis .     a - +0 long sword
rCold  . . .     Clarity  .     b - +0 leather armour
rNeg   . . .     SustAt   .     (no shield)
rPois  .         Gourm    .     c - +0 helmet
rElec  .         Spirit   +     (no cloak)
rCorr  .         Warding  .     (no gloves)
rMut   .         Stasis   .     (no boots)
MR     .....                    (no amulet)
Stlth  +.........               (no ring)
                                (no ring)

@: not resistant to hostile enchantments, very unstealthy
A: magic shield, magic regeneration
a: no special abilities


You were on level 3 of the Dungeon.
You were hungry.

You visited 1 branch of the dungeon, and saw 3 of its levels.

You collected 70 gold pieces.

Inventory:

Hand weapons
 a - a +0 long sword (weapon)
Missiles
 d - 3 throwing nets (quivered)
Armour
 b - a +0 leather armour (worn)
 c - a +0 helmet (worn)
Jewellery
 h - an uncursed ring of ice
Scrolls
 f - a scroll of amnesia {unknown}
 g - a scroll of immolation {unknown}
 k - 3 scrolls of remove curse {unknown}
 q - a scroll of identify {unknown}
Potions
 i - a potion of flight {unknown}
 j - a potion of mutation {unknown}
 l - a potion of curing {unknown}
 m - a potion of brilliance {unknown}
 n - a potion of cure mutation
 p - a potion of poison {unknown}
 r - a potion of cancellation {unknown}
Comestibles
 e - 5 bread rations
 o - 2 fruits


   Skills:
 + Level 3.3 Fighting
 + Level 3.3 Long Blades
 - Level 1.7 Throwing
 + Level 2.5 Armour
 - Level 2.6 Dodging


You had 3 spell levels left.
You didn't know any spells.

Dungeon Overview and Level Annotations

Branches:
Dungeon (3/15)

Altars:


Innate Abilities, Weirdness & Mutations

When hurt, damage is shared between your health and your magic reserves.
You regenerate magic rapidly.


Message History

You closely miss something.
You hear some strange, mumbled words.
You miss something.
You hear some strange, mumbled words.
A puff of frost appears from out of thin air!
The puff of frost misses you. Something hits you but does no damage.
You closely miss something.
You hear some strange, mumbled words.
A puff of frost appears from out of thin air!
The puff of frost hits you!
* * * LOW HITPOINT WARNING * * *
You miss something.
You hear some strange, mumbled words.
A puff of flame appears from out of thin air!
The puff of flame hits you!
* * * LOW HITPOINT WARNING * * *
You hear some strange, mumbled words.
A puff of frost appears from out of thin air!
The puff of frost hits you!
You die...

.......##..#
....#.....
..####.........
#..........#
#......#
#.<....#
##....###
....#.#...#
#.##....##@#
###..##{#
........###
###.......###
#.####....###
#. #.....o#
####......#
#.......#
#..o.$...


There were no monsters in sight!

Vanquished Creatures
  Ijyb (D:2)
  5 adders
  An ooze (D:1)
  2 orcs (D:3)
  4 bats (D:1)
  3 giant cockroaches (D:2)
  5 hobgoblins
  10 jackals (D:2)
  9 kobolds
  A quokka (D:2)
  A ball python (D:1)
  2 giant newts (D:1)
  2 goblins (D:2)
  A rat (D:1)
47 creatures vanquished.

Notes
Turn   | Place    | Note
--------------------------------------------------------------
     0 | D:1      | Fluffy the Demonspawn Gladiator began the quest for the Orb.
     0 | D:1      | Reached XP level 1. HP: 16/16 MP: 1/1
   269 | D:1      | Gained mutation: When hurt, damage is shared between your health and your magic reserves. [demonic ancestry]
   269 | D:1      | Reached XP level 2. HP: 22/22 MP: 2/2
   272 | D:1      | Reached skill level 1 in Armour
  1007 | D:2      | Reached XP level 3. HP: 26/28 MP: 1/3
  1014 | D:2      | Reached skill level 3 in Long Blades
  1368 | D:2      | Gained mutation: You regenerate magic rapidly. [demonic ancestry]
  1368 | D:2      | Reached XP level 4. HP: 16/35 MP: 4/4
  1916 | D:2      | Noticed Ijyb
  1935 | D:2      | Killed Ijyb
  2240 | D:3      | Killed from afar by an orc wizard

Vault maps used:
D:1:      arrival_zaba_pyramid, st_stairs_7
D:2:      kennysheep_big_flooded_room, minivault_19, st_stairs_8, uniq_iyjb
D:3:      uniq_sigmund

Action                   |  1- 3 |  4- 6 || total
-------------------------+-------+-------++-------
Melee: Long sword        |   128 |    61 ||   189
  Use: Potion            |     2 |       ||     2
 Stab: Sleeping          |     2 |       ||     2
  Eat: Chunk             |     2 |     2 ||     4
